 Dungeon Crawl Stone Soup version 0.23.0 (webtiles) character file.

Game seed: 17539119391819848776

53 redwoodhats the Shield-Bearer (level 4, 0/30 HPs)
             Began as a Halfling Fighter on Feb 10, 2019.
             Slain by an adder (3 damage)
             ... on level 2 of the Dungeon.
             The game lasted 00:03:30 (1024 turns).

redwoodhats the Shield-Bearer (Halfling Fighter)    Turns: 1024, Time: 00:03:30

Health: 0/30       AC:  8    Str: 17    XL:     4   Next: 10%
Magic:  4/4        EV:  9    Int:  6    God:
Gold:   71         SH:  9    Dex: 14    Spells: 3/3 levels left

rFire    . . .     SeeInvis .   a - +0 rapier
rCold    . . .     Gourm    .   c - +0 shield
rNeg     . . .     Faith    .   b - +0 scale mail
rPois    .         Spirit   .   (no helmet)
rElec    .         Reflect  .   h - +0 cloak (curse)
rCorr    .         Harm     .   (no gloves)
MR       .....                  (no boots)
Stlth    ..........             (no amulet)
HPRegen  0.10/turn              (no ring)
MPRegen  0.09/turn              (no ring)

@: lethally poisoned (0 -> -10)
A: small, mutation resistance 1
a: no special abilities


You were on level 2 of the Dungeon.
You were hungry.

You visited 1 branch of the dungeon, and saw 2 of its levels.

You collected 71 gold pieces.

Inventory:

Hand Weapons
 a - a +0 rapier (weapon)
Armour
 b - a +0 scale mail (worn)
 c - a +0 shield (worn)
 h - a cursed +0 cloak (worn)
 i - a +2 cloak
Scrolls
 e - 2 scrolls of identify
 g - a scroll of random uselessness {unknown}
 l - a scroll of noise {unknown}
Potions
 d - 3 potions of might
 j - a potion of curing
 k - a potion of agility {unknown}
Comestibles
 f - 4 rations


   Skills:
 + Level 2.9 Fighting
 + Level 3.2 Short Blades
 + Level 3.7 Armour
 + Level 1.1 Dodging
 + Level 3.8 Shields


You had 3 spell levels left.
You didn't know any spells.
Your spell library was empty.

Dungeon Overview and Level Annotations

Branches:
Dungeon (2/15)

Altars:


Innate Abilities, Weirdness & Mutations

You are small and have problems with some larger weapons.
You are somewhat resistant to further mutation.


Message History

You hit the adder but do no damage.
You feel sick. You block the bat's attack. You block the adder's attack.
The adder bites you.
You are more poisoned.
The adder poisons you! You block the bat's attack. The adder barely misses you.
You feel sick. The bat closely misses you. The bat barely misses you.
The adder bites you.
* * * LOW HITPOINT WARNING * * *
You are more poisoned.
The adder poisons you!
You barely miss the bat.
* * * LOW HITPOINT WARNING * * *
You feel sick. The bat barely misses you.
The adder bites you but does no damage.
* * * LOW HITPOINT WARNING * * *
You feel sick. The bat barely misses you. You block the adder's attack.
The adder closely misses you.
* * * LOW HITPOINT WARNING * * *
You feel sick. The bat hits you but does no damage. The adder bites you.
You die...

#.#.. . # #...#### . ..
.#...#.. .. # .#.
......##.# .# ....
#...... ..# .....
#....####..#
......####.........#.#
#.......@........
>.....#.(.(.†S.b...#..
..... #.###.#####..#####.
.... #<# #..# #.......
.#. ######.# #...... #
#......####....# #.#
#.###..........# #..
#.............(###.#
######...................


You could see an adder and a bat.

Vanquished Creatures
  2 adders (D:2)
  An ooze (D:1)
  A worm (D:2)
  A dart slug (D:2)
  A leopard gecko (D:1)
  2 giant cockroaches
  6 goblins (D:1)
  A hobgoblin (D:1)
  3 kobolds
  A bat (D:1)
  A frilled lizard (D:1)
  6 rats
26 creatures vanquished.

Notes
Turn   | Place    | Note
-------+----------+-------------------------------------------
     0 | D:1      | redwoodhats the Halfling Fighter began the quest for the
                  | Orb.
     0 | D:1      | Reached XP level 1. HP: 15/15 MP: 1/1
    66 | D:1      | Reached XP level 2. HP: 14/20 MP: 2/2
   451 | D:1      | Reached XP level 3. HP: 21/25 MP: 3/3
   758 | D:1      | You fall through a shaft!
   874 | D:2      | Reached skill level 1 in Dodging
   919 | D:2      | Reached XP level 4. HP: 30/30 MP: 4/4
  1024 | D:2      | Slain by an adder

Skill      XL: |  1  2  3 |
---------------+----------+-----
Short Blades   | 3 |  3.2
Dodging        | 1 |  1.1
Fighting       | |  2.9
Armour         | |  3.7
Shields        | |  3.8

Action                   |  1- 3 |  4- 6 || total
-------------------------+-------+-------++-------
Melee: Rapier            |    87 |    20 ||   107
  Use: Scroll            |     4 |       ||     4
       Potion            |     3 |       ||     3
Armor: Scale mail        |    45 |    15 ||    60
Dodge: Dodged            |    36 |    11 ||    47
Block: Shield            |    59 |    20 ||    79
